Map: Prion Terraces

Players

capac - Winner!

  • Race: Terran Terran

A.I. 1 (Elite)

  • Race: Terran Terran

VOD

Have the link to the VOD?

Description

Time

  • Played on: March 30, 2016, 1:06 p.m.
  • Length: 8:27
Show
View Real Time Build Order
Export as new Build Order

capac Terran - Winner!

Build Orders:  

Get SALT Encoding   

  12  0:01  SCV  
  13  0:13  SCV  
  14  0:18  Supply Depot  
  14  0:27  SCV  
  15  0:40  SCV  
  15  0:41  Barracks  
  16  0:47  Refinery  
  16  0:52  SCV  
  18  1:04  SCV  
  18  1:16  SCV  
  19  1:28  SCV  
  19  1:30  Barracks Reactor  
  20  1:36  Command Center  
  20  1:43  Orbital Command  
  20  1:52  Supply Depot  
  20  2:10  SCV  
  20  2:11  Factory  
  20  2:12  Marine  
  20  2:13  Marine  
  23  2:21  Refinery  
  23  2:22  SCV  
  24  2:30  Marine x2  
  24  2:35  SCV  
  27  2:47  SCV  
  28  2:54  Marine x2  
  28  2:57  Factory Tech Lab  
  30  3:00  Starport, SCV  
  30  3:02  Orbital Command  
  31  3:12  SCV  
  32  3:14  Marine x2  
  32  3:17  Siege Tank  
  37  3:27  SCV  
  37  3:28  SCV  
  37  3:32  Marine x2  
  41  3:36  Supply Depot  
  41  3:38  Starport Reactor  
  41  3:41  Barracks  
  41  3:43  SCV  
  41  3:46  SCV  
  43  3:50  Marine x2  
  43  3:55  SCV  
  46  3:58  Siege Tank  
  46  4:01  SCV  
  50  4:04  Supply Depot  
  50  4:07  SCV  
  51  4:10  Refinery  
  51  4:12  Refinery, Marine  
  51  4:13  SCV  
  53  4:19  SCV  
  54  4:25  Medivac  
  54  4:28  Supply Depot  
  54  4:30  Barracks Tech Lab  
  56  4:35  Siege Tank  
  56  4:37  Marine x2  
  56  4:38  SCV  
  62  4:47  SCV  
  62  4:49  Barracks  
  63  4:57  Barracks  
  63  4:59  Medivac x2  
  67  5:02  SCV  
  67  5:03  SCV  
  67  5:07  Marine x2  
  69  5:08  Marine  
  69  5:10  Stimpack  
  72  5:14  Supply Depot  
  72  5:21  SCV x2  
  74  5:24  Marine  
  74  5:25  Marine  
  76  5:36  Siege Tank  
  76  5:37  Supply Depot  
  76  5:39  Supply Depot, Barracks Reactor  
  79  5:45  SCV x2  
  81  5:52  Barracks  
  81  5:55  Barracks  
  81  5:59  Medivac  
  81  6:00  Medivac  
  81  6:01  SCV  
  86  6:05  Supply Depot  
  86  6:07  Supply Depot  
  86  6:13  Siege Tank  
  86  6:15  Marine x3  
  86  6:16  Marine  
  86  6:18  Barracks Reactor  
  93  6:21  Marauder  
  95  6:28  Supply Depot  
  95  6:29  Supply Depot  
  95  6:35  Medivac x2  
  99  6:44  Marine x4  
  99  6:46  Barracks Tech Lab  
  99  6:47  Barracks Reactor  
  103  6:49  Engineering Bay  
  103  6:51  Engineering Bay  
  103  6:52  Supply Depot  
  103  6:56  Supply Depot, SCV x2  
  105  7:07  Marine  
  105  7:08  Marine x5  
  109  7:11  Marauder x2  
  109  7:14  Concussive Shells  
  115  7:17  Supply Depot  
  105  8:06  Marine x5  
  105  8:07  Marine x5  
Show
View Real Time Build Order
Export as new Build Order

A.I. 1 (Elite) Terran 

Build Orders: MMM Bio 

Get SALT Encoding   

  12  0:00  SCV  
  13  0:13  SCV  
  14  0:19  Supply Depot  
  14  0:25  SCV  
  15  0:40  SCV  
  16  0:42  Barracks  
  16  0:52  SCV  
  17  1:04  SCV  
  18  1:17  Supply Depot, SCV  
  19  1:21  Refinery  
  19  1:29  Marine, SCV  
  21  1:41  SCV  
  22  1:47  Marine  
  22  1:51  Barracks  
  22  1:53  SCV  
  24  1:55  Refinery  
  24  2:02  Supply Depot  
  24  2:05  Marine, SCV  
  26  2:17  SCV  
  26  2:22  Marine  
  27  2:27  Factory  
  27  2:29  SCV  
  29  2:38  Marine  
  29  2:40  Marine  
  29  2:41  SCV  
  32  2:53  SCV  
  32  2:56  Marine  
  32  2:58  Marine  
  35  3:05  SCV  
  35  3:07  Barracks  
  36  3:13  Marine  
  36  3:16  Barracks Tech Lab  
  36  3:18  SCV  
  38  3:20  Factory Tech Lab  
  38  3:30  SCV  
  38  3:32  Supply Depot, Barracks Tech Lab  
  39  3:53  Marine x2, SCV  
  39  3:54  Stimpack  
  42  4:02  Combat Shields  
  42  4:05  SCV  
  43  4:17  SCV  
  43  4:22  Supply Depot  
  44  4:29  SCV  
  45  4:39  Supply Depot  
  45  4:40  Barracks Reactor  
  45  4:41  Marauder  
  45  4:44  Marauder, Barracks, SCV  
  50  4:46  Engineering Bay  
  50  4:49  Starport  
  50  4:55  Command Center  
  50  5:02  Marine  
  51  5:07  Orbital Command  
  51  5:13  Terran Infantry Weapons Level 1  
  51  5:20  Marauder  
  53  5:25  Marauder, Starport Reactor  
  55  5:38  Supply Depot  
  55  5:42  Marauder  
  57  5:47  Marauder  
  59  5:56  Engineering Bay  
  59  5:57  Marine  
  59  5:59  Marine  
  59  6:03  Marauder  
  63  6:07  SCV  
  63  6:08  Marauder, SCV  
  67  6:19  SCV  
  67  6:20  SCV  
  67  6:22  Terran Infantry Armor Level 1  
  69  6:31  SCV  
  69  6:32  SCV  
  71  6:36  Concussive Shells  
  71  6:37  Marauder, Siege Tank  
  76  6:40  Supply Depot  
  76  6:44  SCV  
  77  6:49  Command Center  
  77  6:51  SCV  
  80  6:54  Marauder  
  80  7:05  Orbital Command  
  80  7:09  Siege Tank, Missile Turret  
  83  7:16  Supply Depot  
  83  7:19  Missile Turret  
  83  7:20  Medivac  
  85  7:23  Medivac  
  85  7:24  Marine  
  85  7:28  Marine x2  
  85  7:29  Marine  
  75  7:31  Marine  
  57  7:41  Siege Tank  
  57  7:43  Marauder  
  55  7:46  Marine x2  
  55  7:50  Marine  
  58  7:56  Marine  
  59  8:04  Marauder  
Tags
 
Composition
MMM Bio
Matchup
TvT
Race
Terran
Add a new tag
Caveats
  • Supply blocks, unpowered buildings, or Contaminate may cause inaccurate times.
  • Supply counts are checked every 10 seconds.